 Dungeon Crawl Stone Soup version 0.28.0-53-g5a82cb258f (webtiles) character file.

Game seed: 4227216097638157615

3339 Infinimo the Fighter (level 10, 0/165 HPs)
             Began as an Ogre Berserker on June 4, 2022.
             Was a Believer of Trog.
             Slain by Joseph
             ... wielding a +0 quarterstaff
              (12 damage)
             ... on level 7 of the Dungeon.
             The game lasted 00:06:43 (7067 turns).

Infinimo the Fighter (Ogre Berserker)               Turns: 7067, Time: 00:06:43

Health: 0/165      AC:  5    Str: 27    XL:     10   Next: 2%
Magic:  10/10      EV: 11    Int:  8    God:    Trog [**....]
Gold:   323        SH:  0    Dex:  8    Spells: 9/9 levels left

rFire   . . .      SeeInvis .   a - +0 mace
rCold   + . .      Faith    .   (no shield)
rNeg    . . .      Spirit   .   n - +2 robe {Will+}
rPois   +          Reflect  .   (helmet restricted)
rElec   .          Harm     .   (no cloak)
rCorr   .          Rampage  .   (gloves unavailable)
Will    ++...                   (boots unavailable)
Stlth   ..........              (no amulet)
HPRegen 0.37/turn               e - ring of poison resistance
MPRegen 0.12/turn               d - ring of protection from cold

@: berserking (expiring), very quick
A: large, unfitting armour, tough skin 1
a: Renounce Religion, Berserk, Trog's Hand


You were on level 7 of the Dungeon.
You worshipped Trog.
Trog was pleased with you.
You visited 1 branch of the dungeon, and saw 7 of its levels.

You collected 323 gold pieces.

Inventory:

Hand Weapons
 a - a +0 mace (weapon)
 h - a +0 flail
 q - a +1 giant spiked club of flaming
Missiles
 u - 5 poisoned darts (quivered)
Armour
 n - a +2 robe of willpower (worn)
Jewellery
 d - a ring of protection from cold (right hand)
 e - a ring of poison resistance (left hand)
 s - an amulet of magic regeneration
 w - a +4 ring of protection
 B - a ring of protection from fire
Wands
 b - a wand of flame (30)
 o - a wand of polymorph (9)
 p - a wand of digging (7)
 t - a wand of iceblast (9)
 y - a wand of charming (18)
 A - a wand of paralysis (13)
Scrolls
 z - a scroll of identify
Potions
 c - a potion of cancellation {unknown}
 f - a potion of curing
 g - 2 potions of flight
 i - 3 potions of haste
 j - a potion of ambrosia {unknown}
 k - 2 potions of invisibility {unknown}
 l - 2 potions of heal wounds
 m - 2 potions of lignification {unknown}
 r - 2 potions of brilliance {unknown}
 v - 2 potions of mutation {unknown}
 x - a potion of resistance {unknown}


   Skills:
 + Level 9.9 Fighting
 * Level 9.4 Maces & Flails
 + Level 6.9 Dodging


You had 9 spell levels left.
You didn't know any spells.
Your spell library was empty.

Dungeon Overview and Level Annotations

Branches:
Dungeon (7/15)             Temple (0/1) D:6

Altars:
Cheibriados
Fedhas
Hepliaklqana
Makhleb
Nemelex Xobeh
Ru
Sif Muna
Zin

Annotations:
D:7 Joseph


Innate Abilities, Weirdness & Mutations

You are too large for most types of armour.
You have tough skin. (AC +1)


Message History

Joseph is heavily wounded.
Joseph hits you with a +0 quarterstaff!
You thump Joseph!
Joseph is heavily wounded.
Joseph hits you with a +0 quarterstaff!!
You barely miss Joseph.
Joseph is heavily wounded.
Joseph hits you with a +0 quarterstaff!
You closely miss Joseph.
Joseph is heavily wounded.
Joseph hits you with a +0 quarterstaff!
You barely miss Joseph.
Joseph is heavily wounded.
Joseph hits you with a +0 quarterstaff!!
You are too injured to fight recklessly!
You completely miss Joseph.
Joseph is heavily wounded.
Joseph closely misses you.
You sock Joseph!
Joseph is severely wounded.
Joseph hits you with a +0 quarterstaff!!
* * * LOW HITPOINT WARNING * * *
You hit Joseph but do no damage.
Joseph is severely wounded.
You closely miss Joseph.
Joseph is severely wounded.
Joseph hits you with a +0 quarterstaff!!
* * * LOW HITPOINT WARNING * * *
You are too berserk!
You thump Joseph!
Joseph is severely wounded.
Joseph barely misses you.
You barely miss Joseph. You punch Joseph!
Joseph is almost dead.
Joseph hits you with a +0 quarterstaff.
* * * LOW HITPOINT WARNING * * *
You barely miss Joseph.
Joseph is almost dead.
Joseph hits you with a +0 quarterstaff!
You die...

#......".#
#........#
#........#
#........# ..
#........#
...
#........#
###'#
#...@....#
....#
########@###
...#
#..........#
..##
#..........#
..#
#....##....#
.[#
########....#
..#
#.....##....#
..#
##....##....#
..#
#....')....#
# ..#
#....##....#
.#


You could see Joseph (berserk).

Vanquished Creatures
  Pikel (D:7)
  Maggie (D:6)
  Grinder (D:5)
  3 water moccasins
  2 ice beasts
  A sky beast (D:4)
  A black bear (D:7)
  An orc warrior (D:6)
  A necrophage (D:6)
  3 ogres
  Blork the orc (D:5)
  A kobold brigand (D:7)
  A phantom (D:6)
  5 scorpions
  A wyvern skeleton (D:5)
  2 water moccasin skeletons
  A centaur zombie (D:5)
  5 hounds
  A centaur skeleton (D:7)
  3 iron imps (D:4)
  Jessica (D:2)
  2 iguanas
  Terence (D:2)
  2 orc wizards
  A killer bee zombie (D:6)
  5 adders
  An ufetubus (D:6)
  An adder skeleton (D:4)
  A worm (D:3)
  8 dart slugs
  14 orcs
  10 endoplasms
  2 giant cockroaches
  8 goblins
  5 hobgoblins
  4 jackals (D:3)
  2 quokkas
  6 ball pythons
  5 frilled lizards (D:1)
  6 kobolds
  6 rats
127 creatures vanquished.

Notes
Turn   | Place    | Note
-------+----------+-------------------------------------------
     0 | D:1      | Infinimo the Ogre Berserker began the quest for the Orb.
     0 | D:1      | Reached XP level 1. HP: 24/24 MP: 1/1
    76 | D:1      | Reached XP level 2. HP: 31/32 MP: 2/2
   408 | D:1      | Reached XP level 3. HP: 33/40 MP: 3/3
   889 | D:1      | Reached ** piety under Trog
  1425 | D:2      | Found a glowing silver altar of Zin.
  1466 | D:2      | Reached XP level 4. HP: 39/49 MP: 4/4
  1625 | D:2      | Noticed Terence
  1631 | D:2      | Killed Terence
  1667 | D:2      | Noticed Jessica
  1676 | D:2      | Killed Jessica
  1677 | D:2      | Reached skill level 5 in Fighting
  1684 | D:2      | Reached XP level 5. HP: 55/57 MP: 5/5
  2588 | D:3      | Found a shimmering blue altar of Sif Muna.
  2978 | D:4      | Noticed an ogre
  2989 | D:4      | Killed an ogre
  2990 | D:4      | Reached XP level 6. HP: 66/66 MP: 6/6
  3313 | D:4      | Found a sparkling altar of Nemelex Xobeh.
  3354 | D:4      | Found a hazy altar of Hepliaklqana.
  3570 | D:4      | Found a snail-covered altar of Cheibriados.
  3594 | D:4      | Reached skill level 5 in Maces & Flails
  3748 | D:4      | Found a burning altar of Makhleb.
  3766 | D:4      | Reached XP level 7. HP: 75/75 MP: 7/7
  3935 | D:5      | Entered Level 5 of the Dungeon
  3935 | D:5      | Noticed Grinder
  4264 | D:5      | HP: 3/76 [Grinder (3)]
  4272 | D:5      | Killed Grinder
  4273 | D:5      | Reached XP level 8. HP: 19/87 MP: 8/8
  4619 | D:5      | Reached skill level 5 in Dodging
  4839 | D:5      | Noticed Blork the orc
  4851 | D:5      | Killed Blork the orc
  5241 | D:6      | Found a staircase to the Ecumenical Temple.
  5261 | D:6      | Noticed Maggie
  5272 | D:6      | Killed Maggie
  5273 | D:6      | Reached XP level 9. HP: 94/97 MP: 9/9
  5725 | D:6      | Found a sacrificial altar of Ru.
  6821 | D:7      | Found a blossoming altar of Fedhas.
  6941 | D:7      | Noticed Pikel
  6957 | D:7      | Killed Pikel
  6958 | D:7      | Reached XP level 10. HP: 110/110 MP: 10/10
  7050 | D:7      | Noticed Joseph
  7067 | D:7      | Slain by Joseph

Illustrated notes

Levels and vault maps discovered:
D:1:      lightli_arrival_boilingwater, layout_basic,
          chequers_serial_rivers_large_b, minmay_crystal_water
D:2:      layout_rooms, basic_altar, guppyfry_early_lair_pool, uniq_terence,
          uniq_jessica
D:3:      layout_rooms, mainiacjoe_overflow_brackets, serial_rivers,
          chequers_serial_rivers_large_a, chequers_serial_rivers_micro_b,
          chequers_serial_rivers_small_b, chequers_serial_rivers_room_a
D:4:      layout_rooms, cheibriados_altar_1, nemelex_diamond_rough_becter,
          demons_altar, lemuel_crystal_altar, minivault_14
D:5:      layout_rooms, uniq_blork_the_orc, uniq_grinder
D:6:      layout_rooms, nicolae_overflow_crystal_walls,
          minmay_temple_entry_mini_moons, minmay_quadrilaterals, uniq_maggie
D:7:      lemuel_insect_pit, layout_gridville,
          mainiacjoe_overflow_concentric_impassable, uniq_pikel, uniq_joseph

Skill      XL: |  1  2  3  4  5  6  7  8  9 |
---------------+----------------------------+-----
Maces & Flails | 3 4 5 6 7 9 |  9.4
Dodging        | 3 4 5 6 |  6.9
Fighting       | 5 6 7 8 9 |  9.9

Action                   |  1- 3 |  4- 6 |  7- 9 | 10-12 || total
-------------------------+-------+-------+-------+-------++-------
Melee: Mace              |    98 |   128 |   261 |    21 ||   508
       Punch             |       |     2 |     2 |     1 ||     5
Invok: Berserk           |     1 |     7 |    16 |     1 ||    25
  Use: Scroll            |       |     3 |     6 |       ||     9
       Potion            |       |       |     3 |       ||     3
 Stab: Sleeping          |     1 |       |       |       ||     1
Armor: Animal skin       |    28 |     8 |       |       ||    36
       Robe              |       |    29 |    76 |       ||   105
Dodge: Dodged            |    46 |    56 |   132 |     5 ||   239
